[Event "Early-Titled-Tuesday-Blitz-July-09-2024"]
[Site "Chess.com"]
[Date "2024.07.09"]
[Round "5"]
[White "Sadykov_Ramil"]
[Black "BardArtem"]
[Result "1/2-1/2"]
[WhiteElo "2621"]
[BlackElo "2816"]
[TimeControl "180+1"]
[EndTime "9:01:11 PDT"]
[Termination "Game drawn by stalemate"]

1. e4 e5 2. Nf3 Nc6 3. Nc3 Nf6 4. Bb5 Nd4 5. Nxd4 exd4 6. e5 dxc3 7. exf6 Qxf6 8.
dxc3 Bc5 9. Qe2+ Qe6 10. Bc4 Qxe2+ 11. Kxe2 O-O 12. Kf3 c6 13. Re1 d5 14. Bd3 Be6 15. Be3 Bd6 16. Bf4 Bc5 17. Be3 Be7 18. Bd4 c5 19.
Be5 a6 20. a4 Rac8 21. Bf4 g5 22. Be5 h5 23. h3 g4+ 24. hxg4 Bxg4+ 25. Kg3 f5 26. f3 h4+ 27. Kf2 Bh5 28. Bf4 Rf7 29.
c4 Bf6 30. cxd5 c4 31. Bf1 Bxb2 32. Rab1 Bd4+ 33. Be3 Be5 34. f4 Bb8 35. Be2 Bxe2 36. Kxe2 Re8 37. Kf3 Rfe7 38. Bf2 Re4 39. Rxe4 Rxe4 40.
Rxb7 Rxf4+ 41. Ke2 Re4+ 42. Kf3 Bh2 43. Ra7 Rf4+ 44. Ke2 Rg4 45. Kf3 Rf4+ 46. Ke2 Re4+ 47. Kf3 Re5 48. Rxa6 Rxd5 49. Rc6 h3 50. gxh3 Be5 51.
Rxc4 Rd1 52. h4 Kf7 53. h5 Ra1 54. Rh4 Ra3+ 55. Kg2 Bf6 56. Rh3 Rxa4 57. h6 Rg4+ 58. Kf3 Rc4 59. h7 Bh8 60. Be3 Rxc2 61. Rh5 Kg6 62. Rh1 Rc3 63. Ke2 Ra3 64. Kf2 Kf7 65. Ke2 Ke6 66. Rg1 Ra2+ 67. Kf3 Ra3 68. Rg8 Bd4 69. h8=Q Rxe3+ 70. Kf4 Re4+ 71. Kf3 Bxh8 72.
Rxh8 Ra4 73. Rh6+ Kf7 74. Rh5 Kf6 75. Rh8 Rb4 76. Ke3 Ke5 77. Re8+ Kf6 78. Rf8+ Ke6 79.
Re8+ Kf7 80. Re5 Kg6 81. Re8 Ra4 82. Rg8+ Kf7 83. Rb8 Rh4 84. Kf3 Rd4 85. Rc8 Ke6 86. Re8+ Kf6 87. Rf8+ Kg6 88. Rg8+ Kf7 89. Rc8 Rb4 90.
Ra8 Kg7 91. Rc8 Ra4 92. Rc6 Rd4 93. Kg3 Kf7 94. Kf3 Ke7 95. Kg3 Ra4 96. Kf3 Rb4 97. Ke3 Re4+ 98. Kf3 Rg4 99. Ra6 Kf7 100. Rb6 Rh4 101. Ra6 Rb4 102. Rc6 Ra4 103. Rb6 Ke7 104. Rc6 Rd4 105.
Rb6 Rc4 106. Ra6 Kf7 107. Rb6 Re4 108. Ra6 Rd4 109. Rb6 Ke7 110. Ra6 Re4 111. Rb6 Re6 112. Rxe6+ Kxe6 113.
Kf4 Kf6 114. Kf3 Kg5 115. Kg3 f4+ 116. Kf3 Kf5 117. Kf2 Kg4 118. Kg2 f3+ 119. Kf2 Kf4 120. Kf1 Ke3 121. Ke1 Ke4 122. Kf2 Kf4 123. Kf1 Kg3 124. Kg1 f2+ 125. Kf1 Kf3 1/2-1/2

[Event "Early-Titled-Tuesday-Blitz-July-09-2024"]
[Site "Chess.com"]
[Date "2024.07.09"]
[Round "5"]
[White "rasmussvane"]
[Black "hakanazeri2"]
[Result "1/2-1/2"]
[WhiteElo "2908"]
[BlackElo "2643"]
[TimeControl "180+1"]
[EndTime "9:01:19 PDT"]
[Termination "Game drawn by repetition"]

1. Nf3 Nf6 2. g3 d5 3. Bg2 e6 4.
O-O Be7 5. c4 O-O 6. b3 c5 7.
cxd5 Nxd5 8. Nc3 Bf6 9. Bb2 b6 10. Qc2 Bb7 11. Rad1 Nd7 12. Nxd5 Bxb2 13. Nxb6 axb6 14.
Qxb2 Qf6 15. Qxf6 Nxf6 16. a4 Bd5 17. Ne5 Bxb3 18. Rb1 Bd5 19. Rxb6 Rxa4 20. d3 Rc8 21. Rc1 h5 22. Rb2 Ng4 23. Nxg4 hxg4 24. Rbc2 c4 25. e4 Bb7 26. Rxc4 Rcxc4 27. dxc4 Kf8 28. c5 Ke7 29. c6 Bc8 30. e5 Kd8 31. h3 gxh3 32. Bxh3 Kc7 33. Bg2 Ra5 34. f4 Ba6 35. Rd1 Bc8 36. Rd2 Rc5 37. Kf2 f6 38. exf6 gxf6 39. Bf3 e5 40. fxe5 fxe5 41. Be4 Rc3 42. Ra2 Rc4 43.
Ke3 Rc3+ 44. Kf2 Rc4 45. Re2 Bg4 46. Re3 Bc8 47. Bd5 Rc2+ 48. Kf3 Kd6 49. Be4 Rc5 50. g4 Rc1 51. g5 Rg1 52. g6 Rf1+ 53. Kg2 Rf4 54.
Bf3 Be6 55. Re4 Rf6 56. Ra4 Rxg6+ 57. Kf2 Kc7 58. Ra7+ Kd6 59. c7 Bc8 60. Ra8 Rg8 61. Ra7 Rg7 62. Ra2 Rxc7 63. Rd2+ Ke7 64. Ke3 Be6 65.
Be4 Ra7 66. Rh2 Ra3+ 67. Kf2 Kd6 68. Rh6 Ke7 69. Rh7+ Kd6 70. Rh6 Ke7 71. Bf3 Bf5 72. Bd5 Rd3 73. Bc4 Rd4 74. Be2 Be6 75. Ke3 Rb4 76.
Rh7+ Kd6 77. Rh6 Rb3+ 78. Kd2 Rb2+ 79. Ke1 Kd5 80. Bf3+ e4 81. Bxe4+ Ke5 82. Bf3 Bf5 83. Be2 Kf4 84. Rf6 Ke5 85. Rf8 Be4 86. Re8+ Kf4 87. Rf8+ Ke3 88. Bd1 Rh2 89. Rf1 Bd5 90. Rg1 Be4 91.
Rg3+ Kf4 92. Rc3 Rh1+ 93. Kd2 Rh2+ 94. Be2 Rh8 95. Rc4 Rd8+ 96. Ke1 Ke3 97. Rc3+ Kf4 98. Ra3 Rb8 99. Ra4 Rb3 100. Kf2 Rb2 101. Ke1 Ke3 102. Ra3+ Kf4 103. Rc3 Ra2 104. Rb3 Rc2 105. Ra3 Rb2 106. Kf2 Rd2 107. Rh3 Rb2 108. Rh4+ Ke5 109. Ke3 Rb3+ 110. Kd2 Kd4 111. Rg4 Rb2+ 112. Ke1 Ke3 113. Rg3+ Kf4 114. Rc3 Ra2 115. Kf2 Rb2 116. Ke1 1/2-1/2

[Event "Early-Titled-Tuesday-Blitz-July-09-2024"]
[Site "Chess.com"]
[Date "2024.07.09"]
[Round "6"]
[White "deribas12345"]
[Black "Vaporwaffle94"]
[Result "1-0"]
[WhiteElo "2636"]
[BlackElo "2256"]
[TimeControl "180+1"]
[EndTime "9:03:42 PDT"]
[Termination "deribas12345 won by resignation"]

1. d4 e6 2. c4 Nf6 3. Nc3 Bb4 4.
f3 O-O 5. a3 Bxc3+ 6. bxc3 Qe7 7.
e4 d6 8. Bd3 e5 9. Ne2 c5 10.
d5 Nh5 11. O-O g6 12. g4 Ng7 13. Ra2 f5 14. gxf5 gxf5 15. exf5 Bxf5 16. Ng3 Nd7 17. Nxf5 Nxf5 18. Rg2+ Kh8 19. Qc2 Nh4 20. Bg5 Nxg2 21.
Bxe7 Rg8 22. Qxg2 Rxg2+ 23. Kxg2 Rg8+ 24. Kf2 1-0

[Event "Early-Titled-Tuesday-Blitz-July-09-2024"]
[Site "Chess.com"]
[Date "2024.07.09"]
[Round "6"]
[White "Mostii"]
[Black "GM-2023"]
[Result "1-0"]
[WhiteElo "2501"]
[BlackElo "1796"]
[TimeControl "180+1"]
[EndTime "9:03:42 PDT"]
[Termination "Mostii won by checkmate"]

1. d4 d5 2. Nf3 Nc6 3. g3 Bg4 4. Bg2 Bxf3 5. exf3 e6 6. O-O Bd6 7. b3 Nf6 8. Bb2 O-O 9. f4 Nd7 10. Nd2 Be7 11. c4 dxc4 12. Nxc4 a6 13. Rc1 b5 14. Ne5 Ncxe5 15. Bxa8 Qxa8 16. dxe5 Bc5 17. Qxd7 Rd8 18. Qxc7 Ba7 19. Rfd1 Rxd1+ 20. Rxd1 h6 21. Rd7 Bxf2+ 22. Kxf2 Kh7 23. Qd6 h5 24. Qd3+ Kh6 25. f5 exf5 26. Bc1+ g5 27. Rd6+ Kg7 28. Qxf5 Qa7+ 29. Be3 Qb7 30.
Qf6+ Kf8 31. Rd8# 1-0

[Event "Early-Titled-Tuesday-Blitz-July-09-2024"]
[Site "Chess.com"]
[Date "2024.07.09"]
[Round "6"]
[White "atbenina64"]
[Black "Arystanner"]
[Result "1-0"]
[WhiteElo "2819"]
[BlackElo "2899"]
[TimeControl "180+1"]
[EndTime "9:04:21 PDT"]
[Termination "atbenina64 won by resignation"]

1. c4 e6 2. Nc3 d5 3. d4 Nf6 4. cxd5 exd5 5. Bg5 c6 6. e3 Bd6 7. Bd3 O-O 8. Nf3 Be6 9. Ne5 c5 10. f4 cxd4 11. exd4 Nc6 12. Nxc6 bxc6 13. f5 Bd7 14.
O-O Rb8 15. b3 Re8 16. Rc1 Qc7 17. Bxf6 Bxh2+ 18. Kh1 gxf6 19. Qg4+ Kh8 20. Qh4 Qg3 21. Qxf6+ Kg8 22. Rf3 Qd6 23. Qg5+ Kh8 24. f6 1-0

[Event "Early-Titled-Tuesday-Blitz-July-09-2024"]
[Site "Chess.com"]
[Date "2024.07.09"]
[Round "6"]
[White "Noki102"]
[Black "BlackBoarder"]
[Result "0-1"]
[WhiteElo "2544"]
[BlackElo "2733"]
[TimeControl "180+1"]
[EndTime "9:04:27 PDT"]
[Termination "BlackBoarder won by resignation"]

1. Nc3 d5 2. d4 Nf6 3. Bf4 e6 4.
Nb5 Bb4+ 5. c3 Ba5 6. a4 a6 7.
b4 Bxb4 8. cxb4 axb5 9. axb5 Rxa1 10. Qxa1 O-O 11. Qa5 b6 12. Qa7 Qe7 13. Qxb8 Qxb4+ 14. Kd1 Qxd4+ 15. Bd2 Qa4+ 16. Kc1 Qa1+ 17. Kc2 e5 18. e4 Qxf1 0-1

[Event "Early-Titled-Tuesday-Blitz-July-09-2024"]
[Site "Chess.com"]
[Date "2024.07.09"]
[Round "6"]
[White "el008"]
[Black "Payyappat"]
[Result "1-0"]
[WhiteElo "2540"]
[BlackElo "2411"]
[TimeControl "180+1"]
[EndTime "9:04:34 PDT"]
[Termination "el008 won by resignation"]

1. e4 c6 2. Nf3 d5 3. d3 dxe4 4. dxe4 Qxd1+ 5. Kxd1 Bg4 6. Be2 Nd7 7. h3 Bxf3 8. Bxf3 O-O-O 9. Ke1 e5 10. a3 Ngf6 11. Nd2 Nb6 12. Ke2 Bc5 13. b3 Bd4 14. Rb1 Bc3 15.
Nf1 Rd7 16. Ne3 Rhd8 17. Rd1 Bd4 18. Nf5 c5 19. Nxg7 c4 20. Bg5 cxb3 21. Bxf6 bxc2 22. Rbc1 Rc7 23. Rd2 Rd6 24. Rdxc2 Rxc2+ 25. Rxc2+ Kd7 26. Bg4+ 1-0

[Event "Early-Titled-Tuesday-Blitz-July-09-2024"]
[Site "Chess.com"]
[Date "2024.07.09"]
[Round "6"]
[White "Caleb_Klenoff"]
[Black "FollowRivers"]
[Result "0-1"]
[WhiteElo "2381"]
[BlackElo "2520"]
[TimeControl "180+1"]
[EndTime "9:04:37 PDT"]
[Termination "FollowRivers won by resignation"]

1. e4 c5 2. d4 cxd4 3. c3 d3 4. Bxd3 d6 5. c4 g6 6. h3 Bg7 7. Nf3 Nf6 8. O-O O-O 9. Nc3 Nbd7 10. Be3 a6 11. Rc1 b6 12. Bb1 Bb7 13. Qe2 Rc8 14. Rfd1 Qc7 15. Nd2 Qb8 16. b4 Qa8 17. a3 Rc7 18. Nd5 Nxd5 19. exd5 Rfc8 20. f4 Bxd5 21. Bd3 b5 22. cxd5 Rxc1 0-1

[Event "Early-Titled-Tuesday-Blitz-July-09-2024"]
[Site "Chess.com"]
[Date "2024.07.09"]
[Round "6"]
[White "ansko1999"]
[Black "pouya21"]
[Result "0-1"]
[WhiteElo "2626"]
[BlackElo "2863"]
[TimeControl "180+1"]
[EndTime "9:04:53 PDT"]
[Termination "pouya21 won by resignation"]

1. Nc3 e6 2. Nf3 c5 3. e4 Nc6 4. g3 a6 5. d4 cxd4 6. Nxd4 Qc7 7. Bg2 Nf6 8. O-O Nxd4 9. Qxd4 Bc5 10. Qd3 Ng4 11. Bf4 Ne5 12. Qe2 d6 13. Rad1 b5 14.
a4 b4 15. Nb1 a5 16. Bxe5 dxe5 17. Qb5+ Ke7 18. Qe2 Ba6 19. Qg4 Bxf1 20. Bxf1 Kf8 21.
Bb5 Rd8 22. Rc1 g6 23. c3 Kg7 24. cxb4 Bxf2+ 0-1

[Event "Early-Titled-Tuesday-Blitz-July-09-2024"]
[Site "Chess.com"]
[Date "2024.07.09"]
[Round "6"]
[White "JosefineHeinemann"]
[Black "Ditman2007"]
[Result "0-1"]
[WhiteElo "2519"]
[BlackElo "2717"]
[TimeControl "180+1"]
[EndTime "9:04:56 PDT"]
[Termination "Ditman2007 won by resignation"]

1. c4 c5 2. Nc3 Nc6 3. g3 g6 4.
Bg2 Bg7 5. Nf3 e5 6. a3 d6 7. b4 Nge7 8. Rb1 O-O 9. O-O Rb8 10.
d3 Nd4 11. Bg5 f6 12. Bd2 Be6 13. bxc5 dxc5 14. Ne4 b6 15. Bc3 h6 16. Ba1 f5 17.
Nc3 e4 18. dxe4 Bxc4 19. exf5 Nexf5 20. Qc2 Nxc2 0-1

[Event "Early-Titled-Tuesday-Blitz-July-09-2024"]
[Site "Chess.com"]
[Date "2024.07.09"]
[Round "6"]
[White "pinguino120"]
[Black "Horokoskii"]
[Result "1-0"]
[WhiteElo "2301"]
[BlackElo "2106"]
[TimeControl "180+1"]
[EndTime "9:05:16 PDT"]
[Termination "pinguino120 won by resignation"]

1. e4 c5 2. Nf3 d6 3. c3 Nc6 4. d4 cxd4 5. cxd4 g6 6. Nc3 Bg7 7. Be2 Bg4 8. Be3 Nf6 9. O-O O-O 10. h3 Bxf3 11. Bxf3 Rc8 12. Qb3 b6 13. Rad1 Na5 14. Qa4 Nc4 15. Bc1 Qd7 16. Qa6 h5 17. e5 Ne8 18. Rfe1 d5 19. Bxd5 b5 20. e6 Qd6 21.
exf7+ Kh8 22. Qxc8 1-0

[Event "Early-Titled-Tuesday-Blitz-July-09-2024"]
[Site "Chess.com"]
[Date "2024.07.09"]
[Round "6"]
[White "Bykov_Egor"]
[Black "Balla_Tamas"]
[Result "1-0"]
[WhiteElo "2685"]
[BlackElo "2477"]
[TimeControl "180+1"]
[EndTime "9:05:25 PDT"]
[Termination "Bykov_Egor won by resignation"]

1. Nf3 c5 2. g3 d5 3. Bg2 Nc6 4. c3 Nf6 5. d4 cxd4 6. cxd4 g6 7. Nc3 Bg7 8. O-O O-O 9. Ne5 Be6 10. Nxc6 bxc6 11. Na4 Bf5 12. b3 Re8 13. Bf4 Nd7 14. Rc1 e5 15. dxe5 Nxe5 16. Bxe5 Rxe5 17. Rxc6 Qe8 18.
Rc7 Rxe2 19. Bxd5 Re7 20. Rxe7 1-0

[Event "Early-Titled-Tuesday-Blitz-July-09-2024"]
[Site "Chess.com"]
[Date "2024.07.09"]
[Round "6"]
[White "CristianS27"]
[Black "madmax011"]
[Result "1-0"]
[WhiteElo "2514"]
[BlackElo "2360"]
[TimeControl "180+1"]
[EndTime "9:05:25 PDT"]
[Termination "CristianS27 won by checkmate"]

1. e4 c5 2. Nf3 d6 3. d4 cxd4 4. Nxd4 Nf6 5. Nc3 a6 6. Be3 e6 7. Be2 Be7 8. O-O O-O 9. f4 b5 10. e5 dxe5 11. fxe5 Nd5 12. Nxd5 exd5 13. Bd3 Bb7 14. Qh5 g6 15. Qh6 Nd7 16. e6 Nf6 17. Rf4 Nh5 18. Rxf7 Rxf7 19. exf7+ Kh8 20. Bxg6 Nf6 21.
Bg5 Qf8 22. Bxf6+ Bxf6 23. Qxh7# 1-0

[Event "Early-Titled-Tuesday-Blitz-July-09-2024"]
[Site "Chess.com"]
[Date "2024.07.09"]
[Round "6"]
[White "IMVadim"]
[Black "vladgoncharov"]
[Result "0-1"]
[WhiteElo "2439"]
[BlackElo "2648"]
[TimeControl "180+1"]
[EndTime "9:05:27 PDT"]
[Termination "vladgoncharov won by resignation"]

1. e4 e6 2. d4 d5 3. e5 c5 4. c3 Nc6 5. Nf3 Nge7 6. Na3 Bd7 7. Nc2 Qa5 8. a3 Nxd4 9. Nfxd4 cxd4 10. Nxd4 Nc6 11. Nxc6 Bxc6 12. Bd3 d4 13. O-O dxc3 14. Qe2 Qd5 15. f3 cxb2 16. Bxb2 Rd8 17. Rfd1 Ba4 18.
Rd2 Be7 19. Rc1 Bg5 0-1

[Event "Early-Titled-Tuesday-Blitz-July-09-2024"]
[Site "Chess.com"]
[Date "2024.07.09"]
[Round "6"]
[White "Alonmindlin"]
[Black "ncofre98"]
[Result "0-1"]
[WhiteElo "2699"]
[BlackElo "2556"]
[TimeControl "180+1"]
[EndTime "9:05:41 PDT"]
[Termination "ncofre98 won by resignation"]

1. e4 c5 2. c3 d5 3. exd5 Qxd5 4. d4 g6 5. Nf3 Bg7 6. Na3 cxd4 7. Bc4 Qe4+ 8. Be3 Nh6 9. cxd4 O-O 10. O-O Nf5 11. Re1 Nc6 12. Bg5 Qg4 13. h3 Qh5 14. Bf1 Nfxd4 15.
Bxe7 Nxf3+ 16. Qxf3 Qxf3 17. gxf3 Nxe7 18. Rxe7 Bxb2 19.
Rb1 Bxa3 20. Re3 Bc5 21. Rc3 b6 22. Bd3 Bf5 0-1

[Event "Early-Titled-Tuesday-Blitz-July-09-2024"]
[Site "Chess.com"]
[Date "2024.07.09"]
[Round "6"]
[White "KNVB"]
[Black "Defenstrator"]
[Result "1-0"]
[WhiteElo "2671"]
[BlackElo "2417"]
[TimeControl "180+1"]
[EndTime "9:05:42 PDT"]
[Termination "KNVB won by checkmate"]

1. d4 Na6 2. e4 c5 3. d5 e6 4. Nc3 Nf6 5. d6 g6 6. e5 Nd5 7. Nxd5 exd5 8. Qxd5 Nb4 9. Qxc5 Nc6 10. Nf3 Bg7 11.
Bg5 f6 12. exf6 Bxf6 13. Qe3+ Kf7 14. Bc4+ Kg7 15. Bh6# 1-0

[Event "Early-Titled-Tuesday-Blitz-July-09-2024"]
[Site "Chess.com"]
[Date "2024.07.09"]
[Round "6"]
[White "Irina_Mikhaylova"]
[Black "Gnechko_Ruslan"]
[Result "0-1"]
[WhiteElo "2381"]
[BlackElo "2522"]
[TimeControl "180+1"]
[EndTime "9:05:49 PDT"]
[Termination "Gnechko_Ruslan won by resignation"]

1. d4 d6 2. Nf3 g6 3. c4 Bg7 4.
Nc3 Nf6 5. e4 O-O 6. Be2 c5 7. O-O cxd4 8. Nxd4 Nc6 9. Be3 Bd7 10.
f3 a6 11. Qd2 Nxd4 12. Bxd4 Bc6 13. Rac1 a5 14. Rfd1 Nd7 15. Be3 Nc5 16. Rb1 a4 17.
Rdc1 e6 18. Rd1 Be5 19. Qc2 Qh4 20. g3 Bxg3 21. hxg3 Qxg3+ 22. Kf1 f5 23. Bf2 Qh3+ 24. Ke1 fxe4 25. fxe4 Rxf2 26. Kxf2 Rf8+ 27. Ke1 Qg3+ 28. Kd2 Qf4+ 29. Ke1 Bxe4 30. Nxe4 Nxe4 31. Rd3 Qf2+ 32. Kd1 Qg1+ 0-1

[Event "Early-Titled-Tuesday-Blitz-July-09-2024"]
[Site "Chess.com"]
[Date "2024.07.09"]
[Round "6"]
[White "elgrona"]
[Black "WPWPWP-2015"]
[Result "0-1"]
[WhiteElo "2110"]
[BlackElo "2531"]
[TimeControl "180+1"]
[EndTime "9:05:50 PDT"]
[Termination "WPWPWP-2015 won by resignation"]

1. Nf3 Nf6 2. g3 g6 3. b3 Bg7 4.
Bb2 O-O 5. Bg2 b6 6. O-O Bb7 7. c4 c5 8. Nc3 Nc6 9. d4 d5 10. cxd5 Nxd4 11. Nxd4 cxd4 12. Qxd4 Nxd5 13. Qxg7+ Kxg7 14. Nxd5+ Kg8 15. Rfd1 Bxd5 16. Bxd5 Qc8 17. Rac1 Qa6 18. Bxa8 Qxe2 19. Ba3 Rxa8 20. Bxe7 Qxe7 0-1

[Event "Early-Titled-Tuesday-Blitz-July-09-2024"]
[Site "Chess.com"]
[Date "2024.07.09"]
[Round "6"]
[White "Alexander_Donchenko"]
[Black "MKlose11"]
[Result "1-0"]
[WhiteElo "2901"]
[BlackElo "2670"]
[TimeControl "180+1"]
[EndTime "9:05:54 PDT"]
[Termination "Alexander_Donchenko won by resignation"]

1. c4 Nf6 2. g3 c5 3. Bg2 Nc6 4. Nc3 d6 5. Nf3 g6 6. d4 cxd4 7. Nxd4 Bd7 8. Nc2 Bg7 9. b3 O-O 10.
Bb2 Qa5 11. Qd2 Rfe8 12. h3 a6 13. O-O Qh5 14. g4 Bxg4 15. hxg4 Nxg4 16. Rfd1 Qh2+ 17.
Kf1 Qh4 18. e3 Nce5 19. Qe2 f5 20. Nd4 Rf8 21. Ne6 Bh6 22. Nxf8 Rxf8 23. Nd5 f4 24. Bxe5 fxe3 25. Nxe7+ Qxe7 26. Bd5+ Rf7 27. Qxg4 Qxe5 28. Bxf7+ Kxf7 29. Qf3+ Kg8 30. Qd5+ 1-0

[Event "Early-Titled-Tuesday-Blitz-July-09-2024"]
[Site "Chess.com"]
[Date "2024.07.09"]
[Round "6"]
[White "VaglioSagan"]
[Black "GMG"]
[Result "0-1"]
[WhiteElo "2504"]
[BlackElo "2806"]
[TimeControl "180+1"]
[EndTime "9:06:05 PDT"]
[Termination "GMG won by checkmate"]

1. d4 d5 2. c4 e6 3. Nf3 Nf6 4. Nc3 c6 5. e3 a6 6. Qb3 dxc4 7.
Bxc4 b5 8. Bd3 c5 9. Qc2 Bb7 10. dxc5 Nbd7 11. b4 a5 12. Bxb5 Bxf3 13. gxf3 axb4 14.
c6 bxc3 15. cxd7+ Nxd7 16. Qd3 Bb4 17. O-O Ra7 18. Qd4 Qg5+ 19. Kh1 Qxb5 20. Qxa7 Qxf1# 0-1

[Event "Early-Titled-Tuesday-Blitz-July-09-2024"]
[Site "Chess.com"]
[Date "2024.07.09"]
[Round "6"]
[White "Boudicca64"]
[Black "UnTucopalaTimba"]
[Result "1-0"]
[WhiteElo "1944"]
[BlackElo "2128"]
[TimeControl "180+1"]
[EndTime "9:06:17 PDT"]
[Termination "Boudicca64 won by resignation"]

1. e4 c6 2. d4 d5 3. e5 Bf5 4. Nf3 e6 5. Be2 Ne7 6. a3 c5 7.
dxc5 Nbc6 8. b4 Ng6 9. Bb2 a5 10. b5 Na7 11. Bd4 Rc8 12. O-O Bxc5 13. Nbd2 Qb6 14.
Bxc5 Rxc5 15. c4 dxc4 16. Nxc4 Qd8 17. Nd6+ Ke7 18. Nxb7 Qxd1 19. Rfxd1 Rc7 20. Nd6 Rb8 21. a4 Nf4 22. Bf1 Nd5 23. Nxf5+ exf5 24. Rxd5 Ke6 25. Rd6+ Ke7 26. b6 1-0

[Event "Early-Titled-Tuesday-Blitz-July-09-2024"]
[Site "Chess.com"]
[Date "2024.07.09"]
[Round "6"]
[White "Nitzan_Steinberg"]
[Black "PedroGil25"]
[Result "1-0"]
[WhiteElo "2863"]
[BlackElo "2628"]
[TimeControl "180+1"]
[EndTime "9:06:18 PDT"]
[Termination "Nitzan_Steinberg won by resignation"]

1. e4 c5 2. Nf3 d6 3. d4 cxd4 4.
Nxd4 Nf6 5. Nc3 a6 6. h4 e5 7.
Nb3 Be6 8. f4 exf4 9. Bxf4 Qc7 10. Nd4 Nbd7 11. Qd2 Ne5 12. O-O-O Be7 13. Kb1 Rc8 14.
Nf5 Bxf5 15. exf5 b5 16. Rh3 h5 17. Bg5 b4 18. Bxf6 Bxf6 19. Nd5 Qc5 20. Bxa6 Rd8 21. Bb5+ Kf8 22. Qxb4 Qxb4 23. Nxb4 Rb8 24. a4 g6 25. fxg6 fxg6 26. Rxd6 Be7 27. Re6 Bxb4 28. Rxe5 Kg7 29. c3 Bd6 30. Re6 Bf4 31. Rf3 Rhf8 32. Bd3 1-0

[Event "Early-Titled-Tuesday-Blitz-July-09-2024"]
[Site "Chess.com"]
[Date "2024.07.09"]
[Round "6"]
[White "Cheer_Down"]
[Black "ketster"]
[Result "0-1"]
[WhiteElo "2423"]
[BlackElo "2576"]
[TimeControl "180+1"]
[EndTime "9:06:21 PDT"]
[Termination "ketster won by resignation"]

1. e4 c5 2. Nf3 Nf6 3. e5 Nd5 4. Nc3 e6 5. Ne4 f5 6. exf6 Nxf6 7. d3 d5 8. Ng3 Nc6 9. d4 cxd4 10. Nxd4 Bc5 11. Bb5 O-O 12. Bxc6 bxc6 13. O-O Qb6 14. c3 e5 15. Nb3 Bxf2+ 16. Kh1 Ng4 17. Bg5 Bxg3 18.
Rxf8+ Kxf8 19. Qf3+ Bf4 20. Bxf4 exf4 21. Qxf4+ Nf6 22.
Qd6+ Kg8 23. Nc5 Bf5 24. Rf1 Rd8 25. Qe7 Re8 26. Qd6 Bc8 27. b4 a5 28. a3 axb4 29. axb4 Ba6 30. Ra1 Bb5 31. h3 Qd8 32. Qf4 Ne4 33.
Nb7 Qf6 34. Qxf6 gxf6 35. Ra7 Re7 36. Ra8+ Kf7 37. Nd8+ Kg7 38. Kh2 Nxc3 0-1

[Event "Early-Titled-Tuesday-Blitz-July-09-2024"]
[Site "Chess.com"]
[Date "2024.07.09"]
[Round "6"]
[White "nicolochessit"]
[Black "Lion-Al-Messi"]
[Result "0-1"]
[WhiteElo "2384"]
[BlackElo "2664"]
[TimeControl "180+1"]
[EndTime "9:06:22 PDT"]
[Termination "Lion-Al-Messi won by checkmate"]

1. d4 Nf6 2. Nc3 d5 3. Bg5 c6 4. e3 Bf5 5. f4 e6 6. Nf3 h6 7. Bh4 Be7 8. Bd3 Nbd7 9. O-O Qb6 10. a3 Ng4 11. Bf2 Nxf2 12. Rxf2 g6 13. b4 a5 14.
Na4 Qc7 15. Nc5 axb4 16. axb4 O-O 17. Ne5 Nxe5 18. fxe5 b6 19. Na6 Qb7 20. c3 Bg5 21. Bxf5 exf5 22. Rfa2 Bxe3+ 23. Kh1 Qe7 24. Qf3 Bg5 25. b5 Qd7 26. bxc6 Qxc6 27. Nb4 Rxa2 28. Rxa2 Qc4 29. Qxd5 Qf1# 0-1

[Event "Early-Titled-Tuesday-Blitz-July-09-2024"]
[Site "Chess.com"]
[Date "2024.07.09"]
[Round "6"]
[White "dropstoneDP"]
[Black "honestgames"]
[Result "1-0"]
[WhiteElo "3040"]
[BlackElo "2849"]
[TimeControl "180+1"]
[EndTime "9:06:24 PDT"]
[Termination "dropstoneDP won by resignation"]

1. e4 c5 2. Nf3 d6 3. d4 cxd4 4. Nxd4 Nf6 5. Nc3 a6 6. Rg1 b5 7.
a4 b4 8. Nd5 Nxd5 9. exd5 Bb7 10. Nf5 g6 11. Qd4 Rg8 12. Nh6 Bxh6 13. Bxh6 Nd7 14. O-O-O Qa5 15. Bc4 Rc8 16. Rge1 Qxa4 17.
Kb1 Ne5 18. Bb3 Qb5 19. f4 Nd7 20. Bg5 f6 21. Bxf6 Nxf6 22. Qxf6 Rc7 23. Qxd6 Rd7 24. Qb8+ Rd8 25. Qe5 Qc5 26. d6 Rf8 1-0

[Event "Early-Titled-Tuesday-Blitz-July-09-2024"]
[Site "Chess.com"]
[Date "2024.07.09"]
[Round "6"]
[White "hakanazeri2"]
[Black "eljanov"]
[Result "0-1"]
[WhiteElo "2640"]
[BlackElo "2923"]
[TimeControl "180+1"]
[EndTime "9:06:24 PDT"]
[Termination "eljanov won by resignation"]

1. e4 c6 2. d4 d5 3. Nc3 dxe4 4. Nxe4 Nf6 5. Nxf6+ exf6 6. c3 Bd6 7. Bd3 O-O 8.
Qc2 Re8+ 9. Ne2 h5 10. O-O h4 11. h3 Nd7 12. Bd2 Nf8 13. Rae1 Bc7 14. c4 g6 15. f4 f5 16. Kh1 Nh7 17. Bc3 Nf6 18. Ng1 Nh5 19.
Ne2 Be6 20. b3 Qd6 21. Qd2 Bd7 22. Rf3 a5 23. c5 Qf8 24. Bc4 Be6 25. d5 Bxd5 26.
Bxd5 Rad8 27. Qd4 Kh7 28. Qf2 Rxd5 29. Qxh4 Qxc5 30. Ng3 Rxe1+ 31. Bxe1 Bd8 32. Rc3 Bxh4 0-1

[Event "Early-Titled-Tuesday-Blitz-July-09-2024"]
[Site "Chess.com"]
[Date "2024.07.09"]
[Round "6"]
[White "Dmitry_Ponomarev"]
[Black "BashirliSaadat"]
[Result "1/2-1/2"]
[WhiteElo "2518"]
[BlackElo "2400"]
[TimeControl "180+1"]
[EndTime "9:06:27 PDT"]
[Termination "Game drawn - insufficient material"]

1. e4 c5 2. Nf3 g6 3. c4 Nc6 4. d4 cxd4 5. Nxd4 Nf6 6. Nc3 Nxd4 7. Qxd4 d6 8. Be3 Bg7 9. f3 O-O 10. Qd2 Be6 11. Be2 Qa5 12. Nd5 Qxd2+ 13. Bxd2 Nxd5 14. cxd5 Bd7 15. Bc3 Bxc3+ 16. bxc3 b5 17. Kd2 Rfc8 18. Rhb1 a6 19. Rb2 Rc7 20. Rc1 Rac8 21.
Rb4 a5 22. Rbb1 Rc5 23. Bd3 e6 24. dxe6 fxe6 25. Rc2 Kf7 26. Rbc1 d5 27. exd5 exd5 28. Ke3 Ke6 29. Kd4 Kd6 30. a3 Rb8 31. Rd1 b4 32.
axb4 axb4 33. cxb4 Rxb4+ 34. Ke3 Rxc2 35. Bxc2 Ke5 36. f4+ Rxf4 37. Rxd5+ Kxd5 38. Kxf4 Ke6 39. g4 Kf6 40. g5+ Kg7 41. h4 h6 42. Be4 hxg5+ 43. Kxg5 Bf5 44. Bxf5 gxf5 45. Kxf5 Kh6 46. h5 Kxh5 1/2-1/2

[Event "Early-Titled-Tuesday-Blitz-July-09-2024"]
[Site "Chess.com"]
[Date "2024.07.09"]
[Round "6"]
[White "Andrey_Klymchuk"]
[Black "ninguno46"]
[Result "1-0"]
[WhiteElo "2757"]
[BlackElo "2572"]
[TimeControl "180+1"]
[EndTime "9:06:32 PDT"]
[Termination "Andrey_Klymchuk won by resignation"]

1. e4 d6 2. d4 Nf6 3. Nc3 Nbd7 4. Nf3 e5 5. Bc4 Be7 6. O-O O-O 7. Re1 c6 8. a4 a5 9. h3 exd4 10. Nxd4 Nc5 11.
Bf1 Re8 12. g3 Bf8 13. Bg2 Qb6 14.
b3 g6 15. Bf4 Nh5 16. Be3 Qc7 17. Qd2 Ng7 18. Rad1 f5 19. exf5 Nxf5 20. Ndb5 Qf7 21. Bxc5 Rxe1+ 22. Qxe1 dxc5 23. Rd8 Qe7 24. Qxe7 Nxe7 25.
Nc7 Rb8 26. Ne6 Bxe6 27. Rxb8 Bc8 28. Ne4 Bf5 29. Rxb7 1-0

[Event "Early-Titled-Tuesday-Blitz-July-09-2024"]
[Site "Chess.com"]
[Date "2024.07.09"]
[Round "6"]
[White "NM_Antelacus"]
[Black "Rosh1610"]
[Result "0-1"]
[WhiteElo "2292"]
[BlackElo "2465"]
[TimeControl "180+1"]
[EndTime "9:06:34 PDT"]
[Termination "Rosh1610 won by resignation"]

1. e4 e5 2. Nf3 Nc6 3. Bc4 Nf6 4. d3 Bc5 5. c3 O-O 6. O-O d5 7. exd5 Nxd5 8. b4 Be7 9. b5 Na5 10. Nxe5 Bf6 11. Ng4 Nxc3 12. Nxf6+ Qxf6 13. Nxc3 Qxc3 14. Bd2 Qa3 15. Qc1 Qa4 16. Qc3 Nxc4 17. dxc4 Be6 18. Rfc1 Rfd8 19. Be3 c6 20. bxc6 Qxc6 21. Rab1 Bxc4 22.
Bd4 Bd5 23. Bxg7 Qg6 0-1